 Dungeon Crawl Stone Soup version 0.21-a0-552-g593960d (webtiles) character file.

152 mopl the Sneak (level 5, -2/35 HPs)
             Began as a Formicid Enchanter on Dec 15, 2017.
             Slain by a jackal (3 damage)
             ... on level 3 of the Dungeon on Dec 17, 2017.
             The game lasted 00:05:52 (2307 turns).

mopl the Sneak (Formicid Enchanter)                 Turns: 2307, Time: 00:05:52

Health: -2/35      AC:  2    Str: 13    XL:     5   Next: 60%
Magic:  7/9        EV:  6    Int: 14    God:
Gold:   129        SH:  0    Dex: 12    Spells: 1/10 levels left

rFire    . . .     SeeInvis +   a - +1 dagger
rCold    . . .     Gourm    .   t - +0 buckler
rNeg     . . .     Faith    .   b - +0 robe
rPois    .         Spirit   .   (helmet unavailable)
rElec    .         Reflect  .   (no cloak)
rCorr    .         Harm     .   (no gloves)
MR       .....                  (no boots)
Stlth    +++.......             (no amulet)
HPRegen  0.11/turn              (no ring)
MPRegen  0.11/turn              (no ring)

@: held
A: permanent stasis, dig shafts and tunnels, four strong arms, antennae 3
a: Dig, Shaft Self


You were on level 3 of the Dungeon.
You were not hungry.

You visited 1 branch of the dungeon, and saw 3 of its levels.

You collected 129 gold pieces.

Inventory:

Hand Weapons
 a - a +1 dagger (weapon)
Missiles
 f - 14 poisoned needles
 j - 6 javelins (quivered)
Armour
 b - a +0 robe (worn)
 t - a +0 buckler (worn)
Magical Staves
 q - an uncursed staff of summoning {unknown}
Scrolls
 e - 2 scrolls of remove curse {unknown}
 g - a scroll of enchant armour {unknown}
 k - 2 scrolls of magic mapping {unknown}
 m - a scroll of teleportation {unknown}
 n - a scroll of immolation {unknown}
 p - a scroll of blinking {unknown}
 s - a scroll of identify {unknown}
Potions
 h - a potion of curing {unknown}
 l - a potion of berserk rage {unknown}
Books
 c - a book of Maledictions

   Spells                             Type                      Level
   a - Corona                         Hexes                        1
   b - Ensorcelled Hibernation        Hexes/Ice                    2
   c - Confuse                        Hexes                        3
   d - Tukima's Dance                 Hexes                        3
   e - Dazzling Spray                 Conjuration/Hexes            3
Comestibles
 d - 2 bread rations
 i - 2 royal jellies
 o - a meat ration
 r - a fruit
 u - 4 chunks of flesh


   Skills:
 + Level 2.3 Short Blades
 - Level 1.7 Dodging
 + Level 4.6 Stealth
 + Level 0.4 Shields
 - Level 3.0 Spellcasting
 + Level 4.5 Hexes
 + Level 1.8 Ice Magic


You had one spell level left.
You knew the following spells:

 Your Spells              Type           Power        Failure   Level  Hunger
a - Corona                Hex            ##.....      4%          1    #......
b - Ensorcelled Hibernat  Hex/Ice        ##....       13%         2    ##.....
c - Confuse               Hex            ##......     14%         3    ###....
d - Tukima's Dance        Hex            ##......     14%         3    ###....


Dungeon Overview and Level Annotations

Branches:
Dungeon (3/15)

Altars:
Ashenzari
Nemelex Xobeh


Innate Abilities, Weirdness & Mutations

You cannot be hasted, slowed, berserked, paralysed or teleported.
You can dig through walls and to a lower floor.
Your four strong arms can wield two-handed weapons with a shield.
You have a pair of large antennae on your head. (SInv)


Message History

You block the jackal's attack.
The gnoll throws a stone.
The stone hits you.
* * * LOW HITPOINT WARNING * * *
You see here a stone.
The jackal closely misses you.
The gnoll throws a stone.
The stone hits you.
* * * LOW HITPOINT WARNING * * *
You see here a stone.
There is an escape hatch in the ceiling here.
The jackal misses you.
A gnoll comes into view. It is wielding a club.
The gnoll throws a throwing net.
The throwing net hits you.
You become entangled in the net!
The jackal bites you.
* * * LOW HITPOINT WARNING * * *
You see here a throwing net.
You struggle against the net.
The jackal closely misses you. The jackal bites you.
* * * LOW HITPOINT WARNING * * *
You tear a large gash into the net.
The jackal closely misses you. The jackal bites you.
You die...

#.####.#
#....(g#...#...........
#.####.# ####.#.####.{.......#
....##.# #..gg...#...g.....#
#.#.##.# #..g....#⌠.##'##.⌠#
#.#.##.# #...###.####...####
#......# #.(g# #....#...#
#####.### #.....#......
#..####..........<....#.#.###.#
#.......#####............## {
#..###### #.###.########.# #..#
#.# #.# #.# #.[# #.###.# ...
#..# ##...## #.# ## ...# #...#
...#


You could see 4 gnolls, 2 jackals and a hobgoblin.

Vanquished Creatures
  A howler monkey (D:3)
  Terence (D:3)
  An adder (D:3)
  An ooze (D:3)
  2 dart slugs
  3 leopard geckos
  9 bats
  4 giant cockroaches
  3 goblins
  12 hobgoblins
  4 jackals
  6 kobolds
  2 quokkas
  4 frilled lizards
  14 rats
67 creatures vanquished.

Notes
Turn   | Place    | Note
-------+----------+-------------------------------------------
     0 | D:1      | mopl the Formicid Enchanter began the quest for the Orb.
     0 | D:1      | Reached XP level 1. HP: 13/13 MP: 3/3
    77 | D:1      | Reached XP level 2. HP: 17/19 MP: 3/5
    81 | D:1      | Learned a level 2 spell: Ensorcelled Hibernation
   264 | D:1      | Reached skill level 4 in Stealth
   264 | D:1      | Reached XP level 3. HP: 8/24 MP: 0/6
   297 | D:1      | Reached skill level 4 in Hexes
   563 | D:1      | Learned a level 3 spell: Confuse
  1144 | D:2      | Found a sparkling altar of Nemelex Xobeh.
  1288 | D:2      | Reached skill level 1 in Ice Magic
  1454 | D:2      | Reached XP level 4. HP: 14/30 MP: 3/7
  1898 | D:3      | Noticed Terence
  1903 | D:3      | Reached skill level 2 in Short Blades
  1910 | D:3      | Killed Terence
  1910 | D:3      | Reached XP level 5. HP: 34/35 MP: 2/9
  1917 | D:3      | Reached skill level 3 in Spellcasting
  1937 | D:3      | Learned a level 3 spell: Tukima's Dance
  2176 | D:3      | Found a shattered altar of Ashenzari.
  2183 | D:3      | p0werm0de: !lg . open -log
  2193 | D:3      | p0werm0de: you be lucky it was too slow for my taste
  2193 | D:3      | p0werm0de: damn you dont even have beem!!
  2193 | D:3      | p0werm0de: http://crawl.xtahua.com/crawl/morgue/p0werm0de/morgue-p0werm0de-20171215-190919.txt
  2194 | D:3      | Upgraded the game from 0.21-a0-538-gd16b88a to 0.21-a0-552-g593960d
  2306 | D:3      | HP: 1/35 [jackal (1)]
  2307 | D:3      | Slain by a jackal

Vault maps used:
D:1:      elethiomel_arrival_shortcut
D:2:      cheibrodos_helix_gallery, nemelex_xobeh_ov_fountains_minmay,
          minmay_liquid_box
D:3:      evilmike_ruin_ashenzari, uniq_terence

Skill      XL: |  1  2  3  4  5 |
---------------+----------------+-----
Stealth        | 4 |  4.6
Hexes          | 4 |  4.5
Ice Magic      | 1 |  1.8
Short Blades   | 2 |  2.3
Spellcasting   | 3 |  3.0
Dodging        | |  1.7
Shields        | |  0.4

Action                   |  1- 3 |  4- 6 || total
-------------------------+-------+-------++-------
Melee: Dagger            |   136 |    79 ||   215
 Cast: Corona            |     4 |       ||     4
       Ensorcelled Hiber |    12 |    12 ||    24
 Stab: Sleeping          |    14 |     9 ||    23
  Eat: Chunk             |     3 |     3 ||     6
Armor: Robe              |    34 |    12 ||    46
Dodge: Dodged            |    95 |    39 ||   134
Block: Buckler           |       |     3 ||     3

Table legend:
 A = Spawn XP
 B = Non-spawn XP
 C = Spawn XP percentage of total XP
 D = Spawn monster count
 E = Non-spawn monster count
 F = Spawn count percentage of total count
 G = Total turns spent on level
                    A         B        C        D         E        F      G
               +---------+---------+-------+---------+---------+-------+---------
         Total |       0 |     218 |   0.0 |       0 |      67 |   0.0 |  2307
               +---------+---------+-------+---------+---------+-------+---------
           D:1 |       0 |      40 |   0.0 |       0 |      24 |   0.0 |   956
           D:2 |       0 |      37 |   0.0 |       0 |      23 |   0.0 |   944
           D:3 |       0 |     141 |   0.0 |       0 |      20 |   0.0 |   407
               +---------+---------+-------+---------+---------+-------+---------
